 Dungeon Crawl Stone Soup version 0.30-a0-137-gd8773701ce (webtiles) character file.

Game seed: 16055769298196566325

414 jimonade the Shooter (level 7, 0/50 HPs)
             Began as a Formicid Hunter on Sept 21, 2022.
             Slain by an orc warrior
             ... wielding a +0 dire flail
              (3 damage)
             ... on level 4 of the Dungeon.
             The game lasted 00:08:11 (3565 turns).

jimonade the Shooter (Formicid Hunter)              Turns: 3565, Time: 00:08:11

Health: 0/50       AC:  3    Str: 16    XL:     7   Next: 14%
Magic:  7/7        EV: 10    Int:  8    God:
Gold:   329        SH: 11    Dex: 19    Spells: 6/6 levels left

rFire   . . .      SeeInvis +    a - +1 shortbow
rCold   . . .      Faith    .    l - +2 kite shield {reflect}
rNeg    . . .      Spirit   .    c - +0 leather armour
rPois   .          Reflect  +    (helmet unavailable)
rElec   .          Harm     .    (no cloak)
rCorr   .          Rampage  .    (no gloves)
Will    .....                    (no boots)
Stlth   ++........               (no amulet)
HPRegen 0.16/turn                (no ring)
MPRegen 0.10/turn                (no ring)

@: no status effects
A: permanent stasis, dig shafts and tunnels, antennae 3, four strong arms
a: Dig, Shaft Self


You were on level 4 of the Dungeon.
You visited 1 branch of the dungeon, and saw 5 of its levels.

You collected 329 gold pieces.

Inventory:

Hand Weapons
 a - a +1 shortbow (weapon)
 m - a +0 rapier
 y - a +0 halberd
Armour
 c - a +0 leather armour (worn)
 l - a +2 kite shield of reflection (worn)
 o - an orb of light
 w - a +0 ring mail
Magical Staves
 b - a staff of fire
Wands
 n - a wand of charming (11)
 x - a wand of flame (15)
Scrolls
 g - 3 scrolls of teleportation
 h - 2 scrolls of immolation
 i - 2 scrolls of identify
Potions
 d - 2 potions of attraction
 f - a potion of mutation {unknown}
 k - 2 potions of invisibility {unknown}
 p - a potion of lignification {unknown}
 t - a potion of flight {unknown}


   Skills:
 - Level 2.1 Fighting
 + Level 7.6 Ranged Weapons
 - Level 1.7 Dodging
 - Level 1.2 Stealth
 * Level 2.7 Shields


You had 6 spell levels left.
You didn't know any spells.
Your spell library contained the following spells:

 Spells                   Type           Power      Damage    Failure   Level
 Sandblast                Erth           0%         2d4       78%         1
 Shock                    Conj/Air       0%         1d3       78%         1
 Passwall                 Tmut/Erth      0%         N/A       89%         2
 Portal Projectile        Hex/Tloc       0%         N/A       98%         3
 Stone Arrow              Conj/Erth      0%         3d7       98%         3
 Tukima's Dance           Hex            0%         N/A       98%         3
 Airstrike                Air            0%         2d(0-16)  100%        4
 Animate Dead             Necr           0%         N/A       100%        4
 Blade Hands              Tmut           0%         N/A       100%        5
 Haunt                    Necr/Summ      0%         N/A       100%        7
 Infestation              Necr           0%         N/A       100%        8
 Swiftness                Air            Unusable   N/A       N/A         3

Dungeon Overview and Level Annotations

Branches:
Dungeon (5/15)
 Temple: D:4-7

Altars:
Elyvilon
The Shining One


Innate Abilities, Weirdness & Mutations

You cannot be hasted, slowed, berserked, paralysed or teleported.
You can dig through walls and to a lower floor.
You have a pair of large antennae on your head. (SInv)
Your four strong arms can wield two-handed weapons with a shield.


Message History

The orc warrior hits you with a +0 dire flail!
You shoot an arrow. The arrow hits the orc warrior.
The orc warrior is heavily wounded.
You block the orc warrior's attack. The orc warrior barely misses you.
You shoot an arrow.
The arrow closely misses the orc warrior.
The arrow barely misses the orc.
You block the orc warrior's attack.
You shoot an arrow. The arrow hits the orc warrior.
The orc warrior is heavily wounded.
You block the orc warrior's attack.
You shoot an arrow.
The arrow hits the orc warrior but does no damage.
The orc warrior is heavily wounded.
The orc warrior hits you with a +0 dire flail!!
You are too injured to fight recklessly!
You are too injured to fight recklessly!
You are too injured to fight recklessly!
You are too injured to fight recklessly!
Fire: a) +1 shortbow
Press: ? - help, Q - select action, (/) - cycle Shift-Dir - straight line, f/p - orc warrior
Aim: an orc warrior, wielding a +0 dire flail and wearing a +0 plate armour (heavily wounded, 66% to hit)
You shoot an arrow. The arrow hits the orc warrior.
The orc warrior is severely wounded.
You block the orc warrior's attack.
The orc warrior hits you with a +0 dire flail!
* * * LOW HITPOINT WARNING * * *
Fire: a) +1 shortbow
Press: ? - help, Q - select action, (/) - cycle Shift-Dir - straight line, f/p - orc warrior
Aim: an orc warrior, wielding a +0 dire flail and wearing a +0 plate armour (severely wounded, 66% to hit)
You shoot an arrow.
The arrow barely misses the orc warrior.
The orc warrior hits you with a +0 dire flail!
* * * LOW HITPOINT WARNING * * *
Fire: a) +1 shortbow
Press: ? - help, Q - select action, (/) - cycle Shift-Dir - straight line, f/p - orc warrior
Aim: an orc warrior, wielding a +0 dire flail and wearing a +0 plate armour (severely wounded, 66% to hit)
You shoot an arrow. The arrow hits the orc warrior.
The orc warrior is severely wounded.
The orc warrior hits you with a +0 dire flail.
You die...

######### ### ........###
#.. ..........#### #.#####
####.#.##.##.# #.##.@# #.
#....#..# ##.#.##o# .)
##.....o>. #...## #oo.
#........o #..## o..#
#......#.. #####.#
..###...#..#.# ##.#...#
..##8........# ##......#
(.##........# #.......#
...##........
#..####.#######.####........


You could see an orc warrior and 3 orcs.

Vanquished Creatures
  A phantom (D:4)
  A crimson imp (D:4)
  A hound (D:4)
  An orc priest (D:4)
  Terence (D:2)
  3 orc wizards
  6 adders
  A white imp (D:5)
  An ufetubus (D:5)
  A worm (D:2)
  2 dart slugs
  12 orcs
  4 ball pythons
  5 endoplasms
  2 giant cockroaches
  4 goblins (D:1)
  2 hobgoblins
  2 quokkas
  6 bats
  4 frilled lizards
  3 goblin skeletons (D:4)
  A goblin zombie (D:4)
  A hobgoblin zombie (D:4)
  6 kobolds
  A kobold zombie (D:4)
  2 orc skeletons (D:4)
74 creatures vanquished.

Notes
Turn   | Place    | Note
-------+----------+-------------------------------------------
     0 | D:1      | jimonade the Formicid Hunter began the quest for the Orb.
     0 | D:1      | Reached XP level 1. HP: 16/16 MP: 1/1
   273 | D:1      | Reached XP level 2. HP: 20/22 MP: 2/2
   539 | D:1      | Found a faded altar of an unknown god.
   631 | D:2      | You fall into a shaft and drop 2 floors!
   707 | D:4      | Reached skill level 5 in Ranged Weapons
   707 | D:4      | Reached XP level 3. HP: 23/27 MP: 3/3
   712 | D:4      | Found a glowing golden altar of the Shining One.
   720 | D:4      | Reached XP level 4. HP: 29/33 MP: 4/4
   803 | D:4      | Found a white marble altar of Elyvilon.
   949 | D:3      | Reached skill level 6 in Ranged Weapons
   949 | D:3      | Reached XP level 5. HP: 27/38 MP: 5/5
  1299 | D:3      | Reached skill level 1 in Shields
  1430 | D:3      | Reached XP level 6. HP: 5/44 MP: 6/6
  1432 | D:3      | HP: 2/44 [poisoned by an adder]
  2254 | D:2      | Noticed Terence
  2264 | D:2      | Killed Terence
  2609 | D:2      | Reached skill level 7 in Ranged Weapons
  3221 | D:4      | Noticed an orc warrior
  3364 | D:5      | Entered Level 5 of the Dungeon
  3367 | D:5      | Reached XP level 7. HP: 37/50 MP: 7/7
  3565 | D:4      | Slain by an orc warrior

Illustrated notes

Levels and vault maps discovered:
D:1:      ncdulo_halloftheorcs, layout_basic,
          hellmonk_ecumenical_altar_leap_of_faith
D:2:      layout_basic, kennysheep_small_spiral, st_stairs_2, uniq_terence
D:3:      layout_basic
D:4:      layout_cave_pools, nicolae_elyvilon_peaceful_grove,
          nicolae_tso_besieged_by_evil, guppyfry_early_orc_mine
D:5:      layout_gridville, lemuel_tele_altar, minmay_misc_feat_tower

Skill      XL: |  1  2  3  4  5  6 |
---------------+-------------------+-----
Ranged Weapons | 5 6 7 |  7.6
Shields        | 1 2 |  2.7
Fighting       | |  2.1
Dodging        | |  1.7
Stealth        | |  1.2

Action                   |  1- 3 |  4- 6 |  7- 9 || total
-------------------------+-------+-------+-------++-------
Melee: Staff             |       |     1 |       ||     1
 Fire: Shortbow          |    60 |   143 |    26 ||   229
  Use: Scroll            |       |       |     9 ||     9
Armor: Leather armour    |     1 |     7 |       ||     8
Dodge: Dodged            |    27 |    26 |     6 ||    59
Block: Kite shield       |       |    33 |     8 ||    41

Table legend: (Time is in decaauts)
 A = Elapsed time spent in this place.
 B = Non-inter-level travel time spent in this place.
 C = Inter-level travel time spent in this place.
 D = Time resting spent in this place.
 E = Time spent auto-exploring this place.
 F = Levels seen in this place.
 G = Mean time per level.
                   A        B        C        D        E       F      G
               +--------+--------+--------+--------+--------+-----+--------+
         Total |   3645 |   3278 |    367 |    567 |   1881 |   5 |  729.0 |
       Dungeon |   3645 |   3278 |    367 |    567 |   1881 |   5 |  729.0 |
               +--------+--------+--------+--------+--------+-----+--------+

Top non-repeatable levels by time:
     D:3: 1299 daAuts
     D:2: 826 daAuts
     D:4: 784 daAuts
     D:1: 648 daAuts
     D:5: 86 daAuts
